 Dungeon Crawl Stone Soup version 0.26-b1-57-gb162d0664a (webtiles) character file.

Game seed: 12997572684001317896

14417 Cykl0x the Carver (level 12, -9/91 HPs)
             Began as a Formicid Fighter on Jan 8, 2021.
             Was an Elder of the Shining One.
             Hit by a silver javelin thrown by a minotaur (30 damage)
             ... in a Gauntlet.
             The game lasted 00:24:10 (10878 turns).

Cykl0x the Carver (Formicid Fighter)               Turns: 10878, Time: 00:24:10

Health: -9/91      AC: 15    Str: 32    XL:     12   Next: 44%
Magic:  18/18      EV: 13    Int:  7    God:    the Shining One [****..]
Gold:   1382       SH: 14    Dex: 17    Spells: 11/11 levels left

rFire    + . .     SeeInvis +   x - +4 great sword
rCold    . . .     Faith    .   c - +1 kite shield
rNeg     + + .     Spirit   .   s - +3 scale mail {Will+}
rPois    .         Reflect  .   (helmet unavailable)
rElec    .         Harm     .   F - scarf {rC+ rF+}
rCorr    .         Rampage  .   (no gloves)
Will     ++...                  (no boots)
Stlth    ..........             p - amulet of Xom's Fair Game {RegenMP rC- Dex+6 SInv}
HPRegen  0.25/turn              h - +4 ring of protection
MPRegen  0.41/turn              v - +6 ring of strength

@: glowing
A: permanent stasis, dig shafts and tunnels, four strong arms, antennae 3
a: Dig, Renounce Religion, Divine Shield, Cleansing Flame


You were in a Gauntlet.
You worshipped the Shining One.
The Shining One was greatly pleased with you.
You visited 2 branches of the dungeon, and saw 12 of its levels.
You also visited: Gauntlet.

You collected 1382 gold pieces.

Inventory:

Hand Weapons
 a - a +1 long sword
 x - a +4 great sword (weapon)
 E - a +4 short sword
Missiles
 i - 340 stones (quivered)
 A - 9 poisoned darts
Armour
 b - a +0 scale mail
 c - a +1 kite shield (worn)
 j - a +0 chain mail
 s - a +3 scale mail of willpower (worn)
 F - a scarf of resistance (worn)
Jewellery
 h - a +4 ring of protection (left hand)
 p - an amulet of Xom's Fair Game (around neck) {RegenMP rC- Dex+6 SInv}
   (You found it in a Gauntlet)

   [amulet of magic regeneration]

   It increases your magic regeneration.
   It affects your dexterity (+6).
   It makes you vulnerable to cold.
   It lets you see invisible.
 v - a +6 ring of strength (right hand)
 y - a +6 ring of intelligence
 I - an uncursed amulet of magic regeneration
Wands
 o - a wand of flame (14)
Scrolls
 e - 4 scrolls of teleportation
 l - 5 scrolls of amnesia
 m - 2 scrolls of enchant armour
 r - 3 scrolls of enchant weapon
 u - 11 scrolls of remove curse
 w - 2 scrolls of fog
 G - 4 scrolls of identify
Potions
 d - 5 potions of might
 g - 2 potions of curing
 k - a potion of cancellation
 n - 5 potions of lignification
 q - 2 potions of mutation {unknown}
 t - a potion of invisibility {unknown}
 z - 2 potions of magic {unknown}
 B - a potion of degeneration {unknown}
 C - a potion of brilliance {unknown}
 D - a potion of attraction {unknown}
 H - a potion of resistance {unknown}


   Skills:
 + Level 7.1 Fighting
 + Level 11.4 Long Blades
 + Level 7.3 Throwing
 + Level 7.3 Armour
 + Level 3.6 Dodging
 - Level 0.8 Stealth
 + Level 9.3 Shields
 * Level 8.8 Invocations


You had 11 spell levels left.
You didn't know any spells.
Your spell library contained the following spells:

 Spells                   Type           Power        Failure   Level
 Freeze                   Ice            0%           65%         1
 Frozen Ramparts          Ice            0%           95%         3
 Ozocubu's Armour         Ice            0%           95%         3
 Hailstorm                Conj/Ice       0%           100%        4
 Summon Ice Beast         Ice/Summ       0%           100%        4
 Irradiate                Conj/Tmut      0%           100%        5
 Hydra Form               Tmut           0%           100%        6
 Statue Form              Tmut/Erth      0%           100%        6
 Dragon Form              Tmut           0%           100%        7


Dungeon Overview and Level Annotations

Branches:
Dungeon (11/15)            Temple (1/1) D:6            Lair (0/6) D:9
    Orc (0/2) D:10        Gauntlet (1/1)

Altars:
Ashenzari
Cheibriados
Dithmenos
Elyvilon
Fedhas
Gozag
Hepliaklqana
Kikubaaqudgha
Makhleb
Nemelex Xobeh
Okawaru
Qazlal
Ru
Sif Muna
Trog
Uskayaw
Vehumet
Wu Jian
Xom
Yredelemnul
Zin
The Shining One

Annotations:
Gauntlet 8 transporters, 1 runed translucent door


Innate Abilities, Weirdness & Mutations

You cannot be hasted, slowed, berserked, paralysed or teleported.
You can dig through walls and to a lower floor.
Your four strong arms can wield two-handed weapons with a shield.
You have a pair of large antennae on your head. (SInv)


Message History

Okay, then.
Your hornet dissolves into shadows!
The minotaur throws a silver javelin.
The silver javelin pierces through you!
* * * LOW HITPOINT WARNING * * *
The minotaur throws a silver javelin.
The silver javelin pierces through you!!
* * * LOW HITPOINT WARNING * * *
x2 The minotaur throws a silver javelin.
The silver javelin barely misses you.
Okay, then.
Are you sure you want to stumble around while confused and next to your ally the boggart?
This could place you under penance!
Okay, then.
You feel better.
You feel less invigorated.
The minotaur throws a silver javelin.
The silver javelin pierces through you but does no damage.
* * * LOW HITPOINT WARNING * * *
You feel better.
The minotaur throws a silver javelin.
The silver javelin pierces through your boggart!!
Your boggart dies!
The silver javelin pierces through you!!
You die...

...♣.≈## ##...≈≈# # #
.#...≈##...#
[#.P.###.♣.#
.#.♣..##...#
©#.P...#.♣.#
.#...♣.#..g#
.#...P.#.©.# ##########
.#.....#..§# #.@......#
##.....#.©g####.######.#
....∩..#..g.gg#.# #.#
##.....#.©.##g#H####.#.#
##.....#...##.#(...H.#.#
z#.....#.©.##.########.#
##...♣.#...##..g...g...#
z#.....#.♣.#############
##.♣..##...#


You could see a minotaur.

Vanquished Creatures
  4 two-headed ogres
  3 sixfirhies (Gauntlet)
  Pikel (D:8)
  A manticore (D:7)
  Joseph (D:10)
  Psyche (D:8)
  A centaur skeleton (D:11)
  3 komodo dragons (D:9)
  3 trolls
  3 polar bears (D:8)
  A hornet (D:9)
  Grinder (D:3)
  6 flying skulls (Gauntlet)
  A shadow (D:11)
  2 humans (D:8)
  2 yaks (D:8)
  A basilisk (D:9)
  2 swamp worms (Gauntlet)
  Duvessa (D:4)
  2 acid dragons
  A water moccasin (D:11)
  2 orc warriors
  4 sky beasts
  3 ice beasts
  4 black bears
  3 ogres
  2 wolves (D:8)
  2 centaurs (D:8)
  A lemure (D:8)
  2 bullfrogs
  Dowan (D:4)
  4 scorpions
  14 wights
  2 howler monkeys (D:7)
  An electric eel (D:8)
  2 jellies
  2 bullfrog zombies
  6 orc priests
  A centaur zombie (D:9)
  2 hounds
  4 orc wizards
  2 iguanas
  Jessica (D:2)
  2 bullfrog skeletons
  3 worker ants
  2 bullfrog simulacra (D:8)
  A howler monkey skeleton (D:9)
  10 adders
  A shadow imp (D:7)
  4 white imps
  2 worker ant simulacra (D:8)
  6 ufetubi
  An adder zombie (D:9)
  2 oozes
  4 worms
  4 dart slugs
  An adder simulacrum (D:8)
  5 leopard geckos
  35 orcs
  2 giant cockroaches
  11 goblins
  11 hobgoblins
  2 jackals (D:5)
  4 quokkas
  2 ball pythons (D:1)
  12 bats
  6 frilled lizards
  A jackal simulacrum (D:8)
  11 kobolds
  A leopard gecko skeleton (D:8)
  12 rats
264 creatures vanquished.

Notes
Turn   | Place    | Note
-------+----------+-------------------------------------------
     0 | D:1      | Cykl0x the Formicid Fighter began the quest for the Orb.
     0 | D:1      | Reached XP level 1. HP: 18/18 MP: 1/1
   209 | D:1      | Reached XP level 2. HP: 21/24 MP: 2/2
   627 | D:1      | Reached XP level 3. HP: 29/30 MP: 3/3
  1207 | D:2      | Reached XP level 4. HP: 36/37 MP: 4/4
  1219 | D:2      | Reached skill level 1 in Dodging
  1598 | D:2      | Reached XP level 5. HP: 42/42 MP: 5/5
  1614 | D:2      | Reached skill level 3 in Long Blades
  1786 | D:2      | Noticed Jessica
  1806 | D:2      | Killed Jessica
  2115 | D:3      | Noticed Grinder
  2129 | D:3      | HP: 2/42 [Grinder/puff of flame (11)]
  2141 | D:3      | Killed Grinder
  2142 | D:3      | Reached skill level 4 in Long Blades
  2142 | D:3      | Reached skill level 1 in Throwing
  2142 | D:3      | Reached XP level 6. HP: 24/48 MP: 6/6
  2471 | D:3      | Reached XP level 7. HP: 54/54 MP: 7/7
  2565 | D:3      | Found a bloodstained altar of Trog.
  2740 | D:3      | Found a shimmering blue altar of Sif Muna.
  2988 | D:4      | Noticed Duvessa
  2988 | D:4      | Noticed Dowan
  3009 | D:4      | Killed Duvessa
  3010 | D:4      | Reached skill level 5 in Shields
  3014 | D:4      | Killed Dowan
  3179 | D:4      | Reached skill level 5 in Long Blades
  3328 | D:4      | Found a broken altar of Ashenzari.
  3824 | D:5      | Entered Level 5 of the Dungeon
  3839 | D:5      | Found a stormy altar of Qazlal.
  3870 | D:5      | Reached XP level 8. HP: 61/61 MP: 8/8
  3945 | D:5      | Found a broken altar of Ashenzari.
  4922 | D:6      | Reached skill level 5 in Armour
  5030 | D:6      | Reached skill level 6 in Long Blades
  5231 | D:6      | Found a staircase to the Ecumenical Temple.
  5241 | Temple   | Entered the Ecumenical Temple
  5437 | Temple   | Became a worshipper of Elyvilon the Healer
  5682 | D:6      | You fall into a shaft and drop 3 floors!
  5696 | D:9      | Identified a scroll of acquirement
  5696 | D:9      | Acquired 613 gold pieces
  5725 | D:9      | Found a shimmering altar of Xom.
  5766 | D:8      | Reached skill level 1 in Invocations
  5766 | D:8      | Reached XP level 9. HP: 67/67 MP: 9/9
  5785 | D:8      | Noticed a two-headed ogre
  5797 | D:8      | Killed a two-headed ogre
  5798 | D:8      | Reached skill level 5 in Fighting
  5798 | D:8      | Reached skill level 7 in Long Blades
  5798 | D:8      | Reached skill level 5 in Throwing
  6010 | D:8      | Found a bloodstained altar of Trog.
  6012 | D:8      | Reached * piety under Elyvilon
  6078 | D:8      | Found a glowing silver altar of Zin.
  6141 | D:8      | Noticed Pikel
  6153 | D:8      | Killed Pikel
  6154 | D:8      | Reached XP level 10. HP: 59/74 MP: 13/13
  6155 | D:8      | Found an iron altar of Okawaru.
  6162 | D:8      | Reached skill level 8 in Long Blades
  6252 | D:7      | Found a hide-covered altar of Uskayaw.
  6252 | D:7      | Noticed a +0 dagger
  6252 | D:7      | Noticed a +0 dagger
  6269 | D:7      | Noticed a manticore
  6280 | D:7      | Killed a manticore
  6281 | D:7      | Reached skill level 5 in Invocations
  6617 | D:7      | Found a sacrificial altar of Ru.
  7095 | D:7      | Found a glowing golden altar of the Shining One.
  7105 | D:7      | Fell from the grace of Elyvilon
  7105 | D:7      | Became a worshipper of the Shining One
  7189 | D:7      | Found a hazy altar of Hepliaklqana.
  7330 | D:7      | Found a burning altar of Makhleb.
  7407 | D:8      | Reached * piety under the Shining One
  7414 | D:8      | Reached skill level 9 in Long Blades
  7543 | D:8      | Reached XP level 11. HP: 81/81 MP: 15/15
  7556 | D:8      | Reached ** piety under the Shining One
  7792 | D:8      | Noticed Psyche
  7799 | D:8      | Killed Psyche
  7912 | D:8      | Noticed a two-headed ogre
  7918 | D:8      | Killed a two-headed ogre
  8628 | D:9      | Reached skill level 10 in Long Blades
  8672 | D:9      | Found a staircase to the Lair.
  9371 | D:10     | Entered Level 10 of the Dungeon
  9593 | D:10     | Reached *** piety under the Shining One
  9604 | D:10     | Found a staircase to the Orcish Mines.
  9610 | D:10     | Noticed a two-headed ogre
  9612 | D:10     | Noticed Joseph
  9618 | D:10     | Killed a two-headed ogre
  9625 | D:10     | Killed Joseph
  9701 | D:10     | Noticed a two-headed ogre
  9709 | D:10     | Killed a two-headed ogre
 10131 | D:11     | Reached XP level 12. HP: 81/89 MP: 16/18
 10280 | D:11     | Found a gate leading to a gauntlet.
 10289 | Gauntlet | Entered a Gauntlet
 10289 | Gauntlet | Found a transporter.
 10294 | Gauntlet | Found a transporter.
 10296 | Gauntlet | Found a transporter.
 10307 | Gauntlet | Found a transporter.
 10311 | Gauntlet | Found a transporter.
 10317 | Gauntlet | Found a transporter.
 10317 | Gauntlet | Noticed a hell hog
 10333 | Gauntlet | Found a transporter.
 10333 | Gauntlet | Reached **** piety under the Shining One
 10336 | Gauntlet | Found the cursed necklace of Bloodlust {*Rage +Rage Will++
                  | Int-3 Slay+6 *Curse}
 10341 | Gauntlet | Noticed a sixfirhy
 10343 | Gauntlet | Found a transporter.
 10343 | Gauntlet | Noticed a sixfirhy
 10348 | Gauntlet | Noticed a sixfirhy
 10353 | Gauntlet | Found a transporter.
 10367 | Gauntlet | Found a transporter.
 10376 | Gauntlet | Found a transporter.
 10381 | Gauntlet | Found a transporter.
 10424 | Gauntlet | Found a runed translucent door.
 10428 | Gauntlet | Found a runed translucent door.
 10440 | Gauntlet | Found a transporter.
 10441 | Gauntlet | Found a transporter.
 10731 | Gauntlet | Reached skill level 11 in Long Blades
 10793 | Gauntlet | Killed a sixfirhy
 10802 | Gauntlet | HP: 1/91 [sixfirhy (11)]
 10811 | Gauntlet | Killed a sixfirhy
 10819 | Gauntlet | Killed a sixfirhy
 10826 | Gauntlet | Got a warped tin amulet
 10832 | Gauntlet | Identified an amulet of Xom's Fair Game {RegenMP rC- Dex+6
                  | SInv} (You found it in a Gauntlet)
 10867 | Gauntlet | Noticed a minotaur
 10875 | Gauntlet | HP: 2/91 [minotaur/silver javelin (4)]
 10878 | Gauntlet | Hit by a silver javelin thrown by a minotaur

Illustrated notes

Levels and vault maps discovered:
D:1:      minmay_arrival_up_and_down, layout_loops_ring, minmay_pentomino_r4
D:2:      layout_loops_ring, minmay_tall_x, uniq_jessica
D:3:      layout_rooms, overflow_temple_1_default, trog_hazing_becter,
          uniq_grinder
D:4:      layout_cave_pools, ashenzari_altar_1, uniq_duvessa
D:5:      layout_loops_corners, lemuel_crystal_altar, grunt_qazlal_clouds
D:6:      layout_basic, minmay_temple_entry_statues_pillars
D:7:      lemuel_ice_spiral_2, layout_basic, nzn_hepliaklqana_mist_gate,
          dancing_weapons_uskayaw, nicolae_tso_carved_into_rock,
          lemuel_crystal_altar, general_overflow_altar
D:8:      layout_loops_ring, trog_ov_bears_minmay, lemuel_doored_altar,
          serial_ice, serial_ice_k, serial_ice_o, serial_ice_g, serial_ice_h,
          serial_ice_e, serial_ice_b, okawaru_humans, uniq_pikel, uniq_psyche
D:9:      layout_roguey, kennysheep_little_box, erik_lair_dragon,
          serial_corexii_hall, corexii_hall_statues_l, corexii_hall_statues_s
D:10:     layout_irregular_city, orc_0_dummy, uniq_joseph
D:11:     layout_cave_pods, gauntlet_entry_generic, uniq_snorg
Temple:   minmay_temple_bridge_abc
Gauntlet: minmay_gauntlet_77_tree [minmay_gauntlet_arena_77_double_cross,
          minmay_gauntlet_arena_77_block_sizes, minmay_gauntlet_arena_77_mirror,
          minmay_gauntlet_arena_77_two_lines,
          minmay_gauntlet_arena_77_checkered,
          minmay_gauntlet_arena_77_shame_cube, minmay_gauntlet_arena_77_fan,
          gauntlet_exit_spiral]

Skill      XL: |  1  2  3  4  5  6  7  8  9 10 11 12 |
---------------+-------------------------------------+-----
Shields        | 4 5 6 7 8 9 |  9.3
Dodging        | 1 2 3 |  3.6
Long Blades    | 4 5 6 7 9 10 11 | 11.4
Fighting       | 4 5 6 7 |  7.1
Throwing       | 1 2 4 5 6 7 |  7.3
Armour         | 4 5 6 7 |  7.3
Invocations    | 1 4 6 8 |  8.8
Stealth        | |  0.8

Action                   |  1- 3 |  4- 6 |  7- 9 | 10-12 || total
-------------------------+-------+-------+-------+-------++-------
Melee: Long sword        |    99 |   153 |   169 |       ||   421
       Great sword       |       |       |    84 |   240 ||   324
Throw: Stone             |    10 |    77 |    53 |    24 ||   164
       Boomerang         |       |       |    65 |    88 ||   153
       Dart              |       |       |     5 |    13 ||    18
Invok: Divine Shield     |       |       |       |     1 ||     1
 Abil: Dig               |     2 |     1 |     4 |     1 ||     8
  Use: Scroll            |     4 |     2 |    10 |     6 ||    22
       Potion            |       |     2 |     3 |     7 ||    12
Armor: Scale mail        |    50 |     5 |    68 |    68 ||   191
       Chain mail        |       |    87 |    33 |       ||   120
Dodge: Dodged            |    27 |    51 |    89 |    95 ||   262
Block: Kite shield       |    58 |   109 |   186 |   188 ||   541
       Rpst.: Long sword |     7 |    16 |    22 |       ||    45
       Great sword       |       |       |     9 |    24 ||    33
